 Dungeon Crawl Stone Soup version 0.29.1-1-gd02db6906a (webtiles) character file.

Game seed: 4029599571932842903

855 Ashen the Chiller (level 7, 51/51 HPs)
             Began as a Demonspawn Ice Elementalist on Sept 26, 2022.
             Got out of the dungeon alive.
             The game lasted 00:09:58 (4625 turns).

Ashen the Chiller (Demonspawn Ice Elementalist)     Turns: 4625, Time: 00:09:58

Health: 51/51      AC:  5    Str:  8    XL:     7   Next: 70%
Magic:  13/13      EV: 12    Int: 18    God:
Gold:   226        SH:  5    Dex: 14    Spells: 4/14 levels left

rFire   . . .      SeeInvis .   c - +0 short sword
rCold   . . .      Faith    .   (no shield)
rNeg    . . .      Spirit   .   f - +0 leather armour
rPois   .          Reflect  +   (no helmet)
rElec   +          Harm     .   k - +0 cloak
rCorr   .          Rampage  .   a - +0 pair of gloves
Will    .....      Clarity  +   (no boots)
Stlth   ++........              e - amulet of reflection
HPRegen 0.17/turn               (no ring)
MPRegen 0.13/turn               (no ring)

@: no status effects
A: claws 1, demonic guardian 1, demonic magic 1, clarity, electricity
resistance, wild magic 1
a: no special abilities


You escaped.
You visited 1 branch of the dungeon, and saw 6 of its levels.

You collected 226 gold pieces.

Inventory:

Hand Weapons
 c - a +0 short sword (weapon)
Armour
 a - a +0 pair of gloves (worn)
 f - a +0 leather armour (worn)
 k - a +0 cloak (worn)
 s - a +0 buckler
Jewellery
 e - an amulet of reflection (around neck)
 u - an amulet of magic regeneration
Wands
 p - a wand of quicksilver (6)
 v - a wand of flame (15)
Scrolls
 g - 7 scrolls of identify {unknown}
 h - a scroll of enchant weapon {unknown}
 i - 4 scrolls of noise {unknown}
 j - 4 scrolls of vulnerability {unknown}
 l - a scroll of poison {unknown}
 n - 2 scrolls of fear {unknown}
 r - a scroll of blinking {unknown}
Potions
 b - a potion of magic
 d - a potion of mutation
 m - a potion of flight {unknown}
 o - a potion of degeneration {unknown}
 q - 3 potions of curing {unknown}
 t - a potion of might {unknown}


   Skills:
 + Level 2.5 Fighting
 + Level 2.3 Short Blades
 + Level 3.3 Dodging
 + Level 3.4 Stealth
 * Level 4.4 Spellcasting
 * Level 5.4 Ice Magic


You had 4 spell levels left.
You knew the following spells:

 Your Spells              Type           Power      Damage    Failure   Level
a - Freeze                Ice            100%       1d11      4%          1
b - Frozen Ramparts       Ice            60%        1d10      11%         3
c - Ozocubu's Armour      Ice            30%        N/A       11%         3
d - Swiftness             Air            5%         N/A       61%         3

Your spell library contained the following spells:

 Spells                   Type           Power      Damage    Failure   Level
 Ensorcelled Hibernation  Hex/Ice        34%        N/A       14%         2
 Passwall                 Tmut/Erth      4%         N/A       38%         2
 Ignite Poison            Fire/Tmut/Pois 5%         N/A       61%         3
 Mephitic Cloud           Conj/Pois/Air  5%         N/A       61%         3
 Spider Form              Tmut/Pois      5%         N/A       61%         3
 Hailstorm                Conj/Ice       17%        3d6       63%         4
 Anguish                  Hex/Necr       2%         N/A       94%         4
 Freezing Cloud           Conj/Ice/Air   6%         6-21      97%         5


Dungeon Overview and Level Annotations

Branches:
Dungeon (6/15)             Temple (0/1) D:4

Altars:
Hepliaklqana
Uskayaw
Xom


Innate Abilities, Weirdness & Mutations

You have sharp fingernails.
A weak demonic guardian rushes to your aid.
Spells you cast may paralyse adjacent enemies.
You possess an exceptional clarity of mind.
You are resistant to electric shocks. (rElec)
Your spells are a little harder to cast, but a little more powerful.


Message History

Casting: Freeze (safe; 4% risk of failure)
Confirm with . or Enter, or press ? or * to list all spells.
Aiming: Freeze (safe; 4% risk of failure)
Press: ? - help, Shift-Dir - straight line, f - hobgoblin
Aim: a hobgoblin You freeze the hobgoblin.
You kill the hobgoblin!
Malevolent energies surge around you.
A kobold comes into view. It is wielding a +0 whip.
You see here 15 gold pieces.
Casting: Freeze (safe; 4% risk of failure)
Confirm with . or Enter, or press ? or * to list all spells.
You can't see any susceptible monsters within range! (Use Z to cast anyway.) Unknown command.
Casting: Freeze (safe; 4% risk of failure)
Confirm with . or Enter, or press ? or * to list all spells.
Aiming: Freeze (safe; 4% risk of failure)
Press: ? - help, Shift-Dir - straight line, f - kobold
Aim: a kobold, wielding a +0 whip (wandering, hasn't noticed you)
You freeze the kobold!
You kill the kobold!
Malevolent energies surge around you.
Unknown command.
You now have 226 gold pieces (gained 8).
Things that are here:
a +0 whip; a kobold corpse
There is a stone staircase leading up here.
You climb upwards.
There is a stone staircase leading down here.
Magic restored.
HP restored.
There is a stone staircase leading up here.
You climb upwards.
There is a stone staircase leading down here.
Things that are here:
2 stones; a +0 dagger You see here 3 stones.
There is a staircase leading out of the dungeon here.
Are you sure you want to leave the Dungeon?
This will make you lose the game!
You have escaped!

.......#........##...#...........
..†..........#.###.#.............
.............#.....##...#########
...........###.#.#.####.#
...........#....(....##.#########
.........###.#.#.#.#.###.........
.......#.......#.#......#(#######
......##.#.#.###.###.#.##..##
.....##..#......@......##..(#####
#######..#.#.###.###.#.##.#.....#
#........#.#......#.#####.#
#..###.#.#.#.#.####.# #..
#....#.........# #.# ###
#....###.#.#.### #.## #
#.#....#.....# #..## #
#.######.###.# ##..##### #.#
#####..### ##....##


There were no monsters in sight!

Vanquished Creatures
  A kobold demonologist (D:6)
  A black bear (D:4)
  An ogre (D:4)
  A howler monkey (D:6)
  A jelly (D:4)
  3 hounds (D:4)
  Natasha (thrice) (D:2)
  An iguana (D:5)
  9 adders
  2 worms
  2 dart slugs
  An orc (D:4)
  4 bats
  5 endoplasms
  5 giant cockroaches
  5 goblins
  8 hobgoblins
  A jackal (D:2)
  13 kobolds
  3 quokkas
  9 ball pythons
  A frilled lizard (D:2)
  3 rats
83 creatures vanquished.

Notes
Turn   | Place    | Note
-------+----------+-------------------------------------------
     0 | D:1      | Ashen the Demonspawn Ice Elementalist began the quest for
                  | the Orb.
     0 | D:1      | Reached XP level 1. HP: 13/13 MP: 3/3
   135 | D:1      | Gained mutation: Spells you cast may paralyse adjacent
                  | enemies. [demonic ancestry]
   135 | D:1      | Reached XP level 2. HP: 19/19 MP: 5/5
   840 | D:2      | Reached XP level 3. HP: 24/24 MP: 4/6
   978 | D:2      | Noticed Natasha
   981 | D:2      | Gained mutation: You have hidden genetic potential. [potion
                  | of mutation]
   981 | D:2      | Gained mutation: You have sharp fingernails. [potion of
                  | mutation]
   981 | D:2      | Gained mutation: You possess an exceptional clarity of
                  | mind. [potion of mutation]
   988 | D:2      | Killed Natasha
   989 | D:2      | Reached skill level 4 in Ice Magic
  1029 | D:2      | Noticed Natasha
  1416 | D:2      | Reached XP level 4. HP: 31/31 MP: 5/7
  1461 | D:2      | Learned a level 3 spell: Frozen Ramparts
  1465 | D:2      | Learned a level 3 spell: Ozocubu's Armour
  1471 | D:2      | Found a faded altar of an unknown god.
  1507 | D:2      | Killed Natasha
  1513 | D:2      | Gained mutation: Your spells are a little harder to cast,
                  | but a little more powerful. [hidden potential]
  1772 | D:2      | Noticed Natasha
  1787 | D:2      | HP: 1/31 [iron imp[Natasha] (8)]
  1789 | D:2      | Killed Natasha
  1790 | D:2      | Reached skill level 1 in Fighting
  1790 | D:2      | Mutation became permanent: You have sharp fingernails.
                  | [demonic ancestry]
  1790 | D:2      | Gained mutation: You have sharp fingernails. [demonic
                  | ancestry]
  1790 | D:2      | Reached XP level 5. HP: 1/37 MP: 6/9
  2154 | D:2      | Reached skill level 1 in Short Blades
  2872 | D:3      | You fall into a shaft and drop 3 floors!
  2909 | D:6      | Learned a level 3 spell: Swiftness
  2955 | D:6      | Noticed a kobold demonologist
  2958 | D:6      | Noticed a red devil
  2960 | D:6      | Noticed a ynoxinul
  2963 | D:6      | Noticed a hellwing
  2964 | D:6      | Killed a kobold demonologist
  2965 | D:6      | Reached XP level 6. HP: 26/44 MP: 4/11
  2965 | D:6      | Gained mutation: You are resistant to electric shocks.
                  | (rElec) [hidden potential]
  2965 | D:6      | Lost mutation: You have hidden genetic potential. [hidden
                  | potential expressed]
  3224 | D:6      | Noticed an ice beast
  3240 | D:5      | Entered Level 5 of the Dungeon
  3280 | D:4      | Found a hide-covered altar of Uskayaw.
  3353 | D:4      | Reached skill level 5 in Ice Magic
  3470 | D:4      | Gained mutation: A weak demonic guardian rushes to your
                  | aid. [demonic ancestry]
  3470 | D:4      | Reached XP level 7. HP: 40/50 MP: 0/13
  3716 | D:4      | Found a staircase to the Ecumenical Temple.
  4019 | D:4      | Found a hazy altar of Hepliaklqana.
  4020 | D:4      | Found a shimmering altar of Xom.
  4021 | D:4      | Noticed a spectral ugly thing
  4625 | D:$      | Got out of the dungeon alive.

Illustrated notes

Levels and vault maps discovered:
D:1:      roderic_chinese_lattice_arrival, layout_rooms, minmay_small_reverse_x
D:2:      layout_basic, basic_ecumenical_altar, moated_statue,
          kennysheep_nondescript, minmay_surrounded, uniq_natasha
D:3:      layout_loops_ring, minmay_rat_hole, uniq_grinder
D:4:      layout_gridville, overflow_temple_1_default,
          regret_index_temple_of_mockery, minmay_temple_entry_statues_fountains
D:5:      layout_loops_ring, general_overflow_altar,
          chequers_temple_overflow_statue_of_worship, lemuel_tele_altar
D:6:      layout_rooms, kennysheep_ying_yang

Skill      XL: |  1  2  3  4  5  6 |
---------------+-------------------+-----
Stealth        | 2 3 |  3.4
Dodging        | 2 3 |  3.3
Ice Magic      | 4 5 |  5.4
Fighting       | 1 2 |  2.5
Spellcasting   | 3 4 |  4.4
Short Blades   | 1 2 |  2.3

Action                   |  1- 3 |  4- 6 |  7- 9 || total
-------------------------+-------+-------+-------++-------
Melee: Short sword       |    49 |    60 |    36 ||   145
       Unarmed           |     1 |       |       ||     1
       Punch             |     2 |     1 |       ||     3
 Cast: Freeze            |    27 |    34 |    23 ||    84
       Frozen Ramparts   |       |     2 |       ||     2
Evoke: Wand              |       |     3 |       ||     3
  Use: Potion            |     3 |     1 |       ||     4
 Stab: Paralysed         |     6 |    12 |     9 ||    27
       Sleeping          |     1 |     4 |       ||     5
Armor: Robe              |     5 |       |       ||     5
       Leather armour    |    11 |    16 |    10 ||    37
       Skin              |       |     2 |       ||     2
Dodge: Dodged            |    45 |    42 |    27 ||   114
Block: Other             |    17 |    17 |    11 ||    45
       Reflection        |       |       |     2 ||     2
